 Dungeon Crawl Stone Soup version 0.29.1-1-gd02db6906a (webtiles) character file.

Game seed: 4830156604575281950

3578 Doomgape the Reanimator (level 9, -2/69 HPs)
             Began as a Mummy Necromancer on Sept 18, 2022.
             Slain by a six-headed hydra (5 damage)
             ... on level 8 of the Dungeon.
             The game lasted 00:41:29 (7382 turns).

Doomgape the Reanimator (Mummy Necromancer)         Turns: 7382, Time: 00:41:29

Health: -2/69      AC:  7    Str: 11    XL:     9   Next: 84%
Magic:  1/23       EV: 12    Int: 19    God:
Gold:   455        SH:  0    Dex: 18    Spells: 15/28 levels left

rFire   . . .      SeeInvis +   h - staff of conjuration
rCold   + + .      Faith    .   (no shield)
rNeg    + + +      Spirit   .   m - +2 robe {Will+}
rPois   ∞          Reflect  .   (no helmet)
rElec   .          Harm     .   i - scarf {rC+ rF+}
rCorr   .          Rampage  .   k - +2 pair of gloves
Will    ++...                   (no boots)
Stlth   ++........              d - amulet of regeneration
HPRegen 1.01/turn               l - +6 ring of dexterity
MPRegen 0.18/turn               o - ring of see invisible

@: no status effects
A: cold resistance 1, negative energy resistance 3, torment resistance 2, heat
vulnerability 1, in touch with death 1, no potions
a: no special abilities


You were on level 8 of the Dungeon.
You visited 2 branches of the dungeon, and saw 9 of its levels.

You collected 566 gold pieces.
You spent 111 gold pieces at shops.

Inventory:

Armour
 a - a +1 robe
 i - a scarf of resistance (worn)
 k - a +2 pair of gloves (worn)
 m - a +2 robe of willpower (worn)
Magical Staves
 h - a staff of conjuration (weapon)
Jewellery
 d - an amulet of regeneration (around neck)
 j - an amulet of magic regeneration
 l - a +6 ring of dexterity (left hand)
 n - a ring of fire
 o - a ring of see invisible (right hand)
 v - a ring of protection from cold
Wands
 c - a wand of flame (7)
 f - a wand of iceblast (1)
 t - a wand of mindburst (10)
Scrolls
 b - 9 scrolls of identify
 g - a scroll of summoning {unknown}
 p - 2 scrolls of poison {unknown}
 q - a scroll of magic mapping
 s - a scroll of enchant weapon {unknown}
 u - a scroll of immolation {unknown}


   Skills:
 + Level 5.6 Fighting
 - Level 1.5 Dodging
 - Level 1.5 Stealth
 - Level 10.1 Spellcasting
 + Level 10.8 Necromancy


You had 15 spell levels left.
You knew the following spells:

 Your Spells              Type           Power      Damage    Failure   Level
a - Necrotise             Necr           100%       1d9       1%          1
b - Vampiric Draining     Necr           66%        2d10      1%          3
c - Animate Dead          Necr           66%        N/A       1%          4
d - Agony                 Necr           66%        N/A       2%          5

Your spell library contained the following spells:

 Spells                   Type           Power      Damage    Failure   Level
 Ensorcelled Hibernation  Hex/Ice        18%        N/A       11%         2
 Passwall                 Tmut/Erth      7%         N/A       11%         2
 Gell's Gravitas          Tloc           9%         N/A       22%         3
 Lesser Beckoning         Tloc           9%         N/A       22%         3
 Swiftness                Air            9%         N/A       22%         3
 Teleport Other           Tloc           9%         N/A       22%         3


Dungeon Overview and Level Annotations

Branches:
Dungeon (8/15)             Temple (1/1) D:5            Lair (0/5) D:8

Altars:
Ashenzari
Cheibriados
Dithmenos
Fedhas
Gozag
Hepliaklqana
Makhleb
Nemelex Xobeh
Okawaru
Qazlal
Ru
Sif Muna
Trog
Uskayaw
Vehumet
Xom
Yredelemnul

Shops:
D:5 [(   D:6 (

Annotations:
D:5 Menkaure
D:8 1 runed translucent door


Innate Abilities, Weirdness & Mutations

You are immune to poison.
Your flesh is cold resistant. (rC+)
You are immune to negative energy. (rN+++)
You are immune to unholy pain and torment.
You are vulnerable to heat. (rF-)
You are in touch with the powers of death.
You do not drink.


Message History

You feel a surge of power!
The six-headed hydra resists with significant effort.
Casting: Necrotise (safe; 1% risk of failure)
Confirm with . or Enter, or press ? or * to list all spells.
Aiming: Necrotise (safe; 1% risk of failure)
Press: ? - help, Shift-Dir - straight line, f/p - six-headed hydra
Aim: a six-headed hydra (moderately wounded, paralysed, chance to affect: 52%)
You feel a surge of power!
The six-headed hydra writhes in agony.
Casting: Necrotise (safe; 1% risk of failure)
Confirm with . or Enter, or press ? or * to list all spells.
Aiming: Necrotise (safe; 1% risk of failure)
Press: ? - help, Shift-Dir - straight line, f/p - six-headed hydra
Aim: a six-headed hydra (moderately wounded, paralysed, chance to affect: 52%)
You feel a surge of power!
The six-headed hydra resists with significant effort.
Casting: Necrotise (safe; 1% risk of failure)
Confirm with . or Enter, or press ? or * to list all spells.
Aiming: Necrotise (safe; 1% risk of failure)
Press: ? - help, Shift-Dir - straight line, f/p - six-headed hydra
Aim: a six-headed hydra (moderately wounded, paralysed, chance to affect: 52%)
You feel a surge of power!
The six-headed hydra writhes in agony!
The helpless six-headed hydra fails to defend itself.
You hit the six-headed hydra.
The six-headed hydra is moderately wounded.
The helpless six-headed hydra fails to defend itself.
You hit the six-headed hydra.
The six-headed hydra is heavily wounded.
The six-headed hydra is no longer paralysed.
The six-headed hydra bites you.
The six-headed hydra bites you but does no damage. x2
The six-headed hydra bites you!
* * * LOW HITPOINT WARNING * * *
The six-headed hydra bites you.
* * * LOW HITPOINT WARNING * * *
The six-headed hydra barely misses you. The six-headed hydra bites you!
* * * LOW HITPOINT WARNING * * *
The six-headed hydra bites you.
* * * LOW HITPOINT WARNING * * *
The six-headed hydra bites you.
You die...

......Z.##.##.#y...(#.#........
#######D##.##.##...##.#..Z#.##.
....o.o##.#.##.#.D.#.##......#.
.#####o##.#.##.##T##.#..###Z###
.##.#.#o##.#D#.##.#.......
#.##.#.#.##.#+#.#..##..#Z##
.##.#.#.#.##Z..##.###..#...
#.##.#.#.#D##...#..# #..###.
.##)#.#.#.#@##.##.## #..#...
#.#(#[#.#.##.#..# #..#.#.
##'#########Z#.## #..#.#.
##.#....#..##.# #..#...
#..##.(#Z.#..# #..####
##.##....##.## #....ZZ
#.......#..# #.#####
##...#.##.## #Z# #.#...#..# #.#


You could see a six-headed hydra and an orc wizard (invisible).

Vanquished Creatures
  A wyvern (D:8)
  2 yaks (D:6)
  2 water moccasins (D:8)
  2 orc warriors
  2 sky beasts
  4 black bears
  An ogre (D:4)
  A phantom (D:7)
  A kobold brigand (D:8)
  3 bullfrogs
  3 necrophages
  A killer bee (D:8)
  An orc priest (D:7)
  7 hounds
  A jelly (D:7)
  Terence (D:3)
  Jessica (D:2)
  4 iguanas
  Natasha (D:2)
  3 orc wizards
  6 adders
  4 gnolls
  A white imp (D:7)
  An ufetubus (D:7)
  A dart slug (D:3)
  13 orcs
  7 ball pythons
  2 bats
  3 endoplasms
  A giant cockroach (D:4)
  8 hobgoblins
  2 jackals
  7 quokkas
  3 frilled lizards
  5 goblins
  A hobgoblin zombie (D:4)
  7 kobolds
  2 rats
116 creatures vanquished.

Vanquished Creatures (collateral kills)
  2 yaks (D:6)
  A steam dragon (D:8)
  An ogre (D:6)
  A kobold brigand (D:7)
  A scorpion (D:5)
  A hound (D:6)
  2 jellies
  A gnoll bouda (D:8)
  2 orc wizards (D:6)
  2 gnolls
  3 adders
  A shadow imp (D:7)
  2 white imps (D:8)
  2 dart slugs (D:4)
  7 orcs
  A ball python (D:4)
  An endoplasm (D:4)
  A goblin (D:2)
  2 hobgoblins (D:4)
  2 jackals
  3 kobolds
39 creatures vanquished.

Vanquished Creatures (others)
  2 yak zombies (D:6)
  A bullfrog zombie (D:7)
  2 black bear zombies
  A killer bee zombie (D:8)
  A sky beast zombie (D:7)
  A kobold zombie (D:8)
  2 hound zombies
  A steam dragon zombie (D:8)
  An adder zombie (D:4)
  4 orc zombies (D:8)
  A jelly zombie (D:8)
  A dart slug zombie (D:4)
  A plant (D:6)
19 creatures vanquished.

Grand Total: 174 creatures vanquished

Notes
Turn   | Place    | Note
-------+----------+-------------------------------------------
     0 | D:1      | Doomgape the Mummy Necromancer began the quest for the Orb.
     0 | D:1      | Reached XP level 1. HP: 13/13 MP: 4/4
   317 | D:1      | Reached XP level 2. HP: 19/19 MP: 3/6
   619 | D:1      | Found a faded altar of an unknown god.
  1016 | D:2      | Noticed Natasha
  1027 | D:2      | Noticed a crimson imp
  1172 | D:2      | Noticed Jessica
  1178 | D:2      | Killed Jessica
  1179 | D:2      | Gained mutation: You are in touch with the powers of death.
                  | [Mummy growth]
  1179 | D:2      | Reached XP level 3. HP: 24/24 MP: 2/8
  1205 | D:2      | Killed Natasha
  1206 | D:2      | Reached XP level 4. HP: 12/30 MP: 0/10
  1223 | D:2      | Reached skill level 5 in Necromancy
  2066 | D:3      | Noticed Terence
  2074 | D:3      | Killed Terence
  2075 | D:3      | Reached skill level 5 in Spellcasting
  2075 | D:3      | Reached XP level 5. HP: 29/35 MP: 3/12
  2166 | D:3      | Learned a level 3 spell: Vampiric Draining
  2171 | D:3      | Learned a level 4 spell: Animate Dead
  2188 | D:3      | Found an iron altar of Okawaru.
  2710 | D:4      | Reached XP level 6. HP: 41/41 MP: 3/14
  2996 | D:4      | Found a basalt altar of Yredelemnul.
  3050 | D:4      | Reached XP level 7. HP: 37/46 MP: 0/17
  3609 | D:5      | Entered Level 5 of the Dungeon
  3780 | D:5      | Found a staircase to the Ecumenical Temple.
  3827 | Temple   | Entered the Ecumenical Temple
  3931 | D:5      | Found Datzal's Antique Armour Emporium.
  3936 | D:5      | Bought an embroidered robe for 111 gold pieces
  3963 | D:5      | Reached XP level 8. HP: 52/52 MP: 17/20
  4017 | D:5      | Found Anohim's Weapon Emporium.
  4050 | D:5      | Noticed Menkaure
  4459 | D:6      | Found a bloodstained altar of Trog.
  4574 | D:6      | Learned a level 5 spell: Agony
  4804 | D:6      | Found Pairaog's Hydra Hut.
  4805 | D:6      | Noticed a six-headed hydra
  4865 | D:6      | Found a sparkling altar of Nemelex Xobeh.
  4947 | D:6      | Reached skill level 10 in Spellcasting
  5431 | D:7      | Reached skill level 1 in Fighting
  5431 | D:7      | Reached XP level 9. HP: 59/59 MP: 14/23
  6469 | D:8      | Noticed a six-headed hydra
  6487 | D:8      | Reached skill level 10 in Necromancy
  6586 | D:8      | Found a staircase to the Lair.
  7118 | D:8      | Reached skill level 5 in Fighting
  7248 | D:8      | Noticed a troll
  7251 | D:8      | Found a runed translucent door.
  7256 | D:8      | Noticed a moth of wrath
  7343 | D:8      | Noticed a six-headed hydra
  7382 | D:8      | HP: 3/69 [six-headed hydra (1)]
  7382 | D:8      | Slain by a six-headed hydra

Illustrated notes

Levels and vault maps discovered:
D:1:      shiori_arrival_elements, layout_basic, ebering_ecumenical_altar_hall
D:2:      layout_rooms, uniq_jessica, uniq_natasha
D:3:      layout_basic, okawaru_altar_gauntlet_db, dk_noncrumbling_3,
          uniq_terence
D:4:      minmay_chambers_of_threes, layout_basic,
          mainiacjoe_overflow_cross_hatched
D:5:      layout_loops_ring, mainiacjoe_overflow_six_doors_small,
          minmay_temple_entry_ruins, serial_shops, shop,
          nicolae_shop_statue_plus, grunt_ministairs_10, uniq_menkaure
D:6:      layout_cave_pods, trog_book, lemuel_doored_altar,
          doesnt_shop_hydraphobe
D:7:      layout_loops_corners, kennysheep_doodads, st_stairs_3
D:8:      minmay_the_grid_triangle_9x9_rhombus_full
          [minmay_the_grid_triangle_9x9_swiss_cheese,
          minmay_the_grid_triangle_9x9_descending_squares,
          minmay_the_grid_triangle_9x9_subtriangle,
          minmay_the_grid_triangle_9x9_stretched_checkered,
          minmay_the_grid_triangle_9x9_flanged_cone,
          minmay_the_grid_triangle_9x9_sparse_checkered,
          minmay_the_grid_triangle_9x9_warning,
          minmay_the_grid_triangle_9x9_prize_insulated], layout_basic,
          nzn_wu_jian_contemplation
Temple:   nicolae_temple_ecumenical_triangle

Skill      XL: |  1  2  3  4  5  6  7  8  9 |
---------------+----------------------------+-----
Spellcasting   | 3 4 5 6 8 10 | 10.1
Necromancy     | 5 6 7 9 10 | 10.8
Fighting       | 1 5 |  5.6
Dodging        | |  1.5
Stealth        | |  1.5

Action                   |  1- 3 |  4- 6 |  7- 9 || total
-------------------------+-------+-------+-------++-------
Melee: Unarmed           |    16 |     1 |       ||    17
       Staff             |       |       |   111 ||   111
       Punch             |       |       |     1 ||     1
 Cast: Necrotise         |    42 |    99 |   167 ||   308
       Animate Dead      |       |     4 |    14 ||    18
       Vampiric Draining |       |     1 |    10 ||    11
       Agony             |       |       |     1 ||     1
Evoke: Wand              |       |     7 |    23 ||    30
  Use: Scroll            |     4 |     7 |     7 ||    18
 Stab: Distracted        |       |       |     2 ||     2
       Paralysed         |       |       |     2 ||     2
       Sleeping          |       |       |     1 ||     1
Armor: Robe              |     5 |     7 |    76 ||    88
Dodge: Dodged            |    31 |    35 |   136 ||   202
